 Dungeon Crawl Stone Soup version 0.31.0-11-ge490571c62 (webtiles) character file.

Game seed: 8157890158746183035

1671473 napier2 the Conqueror (level 27, 273/273 HPs)
             Began as a Minotaur Berserker on Feb 3, 2024.
             Was the Champion of Trog.
             Escaped with the Orb
             ... and 3 runes on Feb 4, 2024!
             The game lasted 03:22:40 (72523 turns).

napier2 the Conqueror (Minotaur Berserker)         Turns: 72523, Time: 03:22:40

Health: 273/273    AC: 47    Str: 43    XL:     27
Magic:  9/9        EV: 11    Int:  7    God:    Trog [******]
Gold:   5285       SH: 35    Dex:  5    Spells: 26/26 levels left

rFire   + . .        b - +9 broad axe (antimagic)
rCold   + . .        F - +8 tower shield
rNeg    + + +        T - +6 crystal plate armour of Idealism {Int+5}
rPois   +            e - +1 hat of a Million Bounties {^Contam Will+++ SInv Stlth-}
rElec   .            E - scarf {rC+ rF+}
rCorr   .            I - +2 pair of gloves
SInv    +            W - +3 pair of seven-league boots {Rampage+∞}
Will    +++++        N - amulet of reflection Stlth
                     u - +6 ring of strength
HPRegen 0.65/turn    L - ring of Guqiless {rPois rN+++ Str+3 Dex-5 SInv}
MPRegen 0.11/turn

%: random rage (3%), reflection, rampage+∞
@: studying Invocations
A: horns 2, retaliatory headbutt, berserk 1, clumsy 1, dopey 1, subdued magic 1,
inability to read after injury 1
0: Orb of Zot
}: 3/15 runes: decaying, serpentine, silver
a: Renounce Religion, Berserk, Trog's Hand, Brothers in Arms


You escaped.
You worshipped Trog.
Trog was exalted by your worship.
You visited 10 branches of the dungeon, and saw 50 of its levels.
You visited the Abyss 1 time.
You also visited: Trove, Sewer, Bailey, Ice Cave, Wizlab and Desolation.

You collected 9051 gold pieces.
You spent 3766 gold pieces at shops.

Inventory:

Hand Weapons
 a - the +10 broad axe of Vogisitt {drain, rPois}
   (You found it in the Desolation of Salt)

   rPois:     It protects you from poison
 b - a +9 antimagic broad axe (weapon)
Armour
 e - the +1 hat of a Million Bounties (worn) {^Contam Will+++ SInv Stlth-}
   (You acquired it on level 1 of the Depths)

   Will+++:   It greatly increases your willpower.
   SInv:      It lets you see invisible.
   ^Contam:   It causes magical contamination when unequipped.
   Stlth-:    It makes you less stealthy.
 E - a scarf of resistance (worn)
 F - a +8 tower shield (worn)
 I - a +2 pair of gloves (worn)
 T - the +6 crystal plate armour of Idealism (worn) {Int+5}
   (You found it on level 5 of the Vaults)

   Int+5:     It affects your intelligence (+5).
 W - the +3 pair of seven-league boots (worn) {Rampage+∞}
   (You found it on level 10 of the Dungeon)

   Rampage+∞: When moving toward enemies, its wearer moves as far as possible,
   alerting their target en route.
Jewellery
 c - a ring of flight
 g - the ring of Mape {rElec Will+ Dex+6}
   (You found it in a treasure trove)

   [ring of willpower]

   Dex+6:     It affects your dexterity (+6).
   rElec:     It insulates you from electricity.
   Will+:     It increases your willpower.
 j - the ring of Lienidem {+Blink rPois Str+4 Dex-5}
   (You took it off a ragged hierophant in the Desolation of Salt)

   [ring of poison resistance]

   Str+4:     It affects your strength (+4).
   Dex-5:     It affects your dexterity (-5).
   rPois:     It protects you from poison +Blink: It lets you blink.
 u - a +6 ring of strength (left hand)
 y - a +5 ring of evasion
 G - a ring of see invisible
 H - a +6 ring of strength
 J - the ring of Sueh {Fire rN++ Dex-3}
   (You took it off an ironbound convoker in the Desolation of Salt)

   [ring of fire]

   Fire:      It enhances your fire magic.
   Dex-3:     It affects your dexterity (-3).
   rF+:       It protects you from fire.
   rC-:       It makes you vulnerable to cold.
   rN++:      It greatly protects you from negative energy.
 K - the ring "Suthroz" {rC+ Will+}
   (You found it in the Desolation of Salt)

   [ring of willpower]

   rC+:       It protects you from cold.
   Will+:     It increases your willpower.
 L - the ring of Guqiless (right hand) {rPois rN+++ Str+3 Dex-5 SInv}
   (You found it on level 3 of the Vaults)

   [ring of see invisible]

   Str+3:     It affects your strength (+3).
   Dex-5:     It affects your dexterity (-5).
   rPois:     It protects you from poison rN+++: It renders you almost immune to
   negative energy.
   SInv:      It lets you see invisible.
 N - an amulet of reflection (around neck)
 O - the amulet "Saost" {rElec Regen+ Dex+4}
   (You found it in a treasure trove)

   [amulet of regeneration]

   Dex+4:     It affects your dexterity (+4).
   rElec:     It insulates you from electricity.
   Regen+:    It increases your rate of health regeneration.
 P - a ring of ice
 Y - a +6 ring of strength
Wands
 m - a wand of digging (14)
 z - a wand of quicksilver (23)
 A - a wand of mindburst (50)
 C - a wand of flame (69)
 D - a wand of charming (8) (quivered)
 S - a wand of roots (51)
 Z - a wand of polymorph (22)
Scrolls
 o - 25 scrolls of teleportation
 q - 2 scrolls of revelation
 r - 2 scrolls of blinking
 s - 5 scrolls of fear
 t - 3 scrolls of silence
 v - 10 scrolls of fog
 B - 5 scrolls of immolation
 Q - 4 scrolls of butterflies
Potions
 d - 5 potions of resistance
 f - 8 potions of heal wounds
 h - 20 potions of curing
 k - 7 potions of enlightenment
 l - 2 potions of ambrosia
 n - a potion of cancellation
 p - 7 potions of haste
 w - 20 potions of might
 x - 11 potions of lignification
 R - 3 potions of invisibility
 V - 7 potions of mutation
Miscellaneous
 i - a box of beasts
 M - a condenser vane
 U - a phial of floods
 X - a phantom mirror


   Skills:
 O Level 27 Fighting
 - Level 0.9(1.1) Short Blades
 - Level 1.0(1.2) Long Blades
 - Level 18.0 Axes
 - Level 0.8 Staves
 - Level 0.6 Ranged Weapons
 - Level 1.8 Throwing
 O Level 27 Armour
 + Level 15.4 Dodging
 O Level 27 Shields
 - Level 0.8 Unarmed Combat
 - Level 10.4 Invocations
 + Level 21.0 Evocations
 - Level 0.3 Shapeshifting


You had 26 spell levels left.
You didn't know any spells.
Your spell library was empty.

Dungeon Overview and Level Annotations

Branches:
Dungeon (15/15)            Temple (0/1) D:7            Lair (5/5) D:9
  Swamp (4/4) Lair:3        Snake (4/4) Lair:2        Slime (0/5) Lair:4
    Orc (2/2) D:10            Elf (3/3) Orc:2        Vaults (5/5) D:13
  Crypt (3/3) Vaults:3       Tomb (0/3) Crypt:3      Depths (4/4) D:15
    Zot (5/5) Depths:4      Sewer (visited)          Bailey (visited)
  IceCv (visited)          WizLab (visited)         Desolation (visited)

Altars:
Cheibriados
Elyvilon
Fedhas
Hepliaklqana
Kikubaaqudgha
Makhleb
Okawaru
Ru
Sif Muna
Trog
Vehumet
Xom
Zin
The Shining One

Shops:
D:5 [(=   D:6 *   D:9 !   D:12 [(   D:14 [   D:15 [   Orc:2 ==[(   Elf:1 **
Elf:2 =   Snake:2 [:??   Snake:3 *   Snake:4 *   Vaults:1 =   Depths:2 *

Portals:
Hell: Depths:1 Depths:2 Depths:3 Depths:4
Abyss: D:6 Depths:1 Depths:3
Pandemonium: Depths:2 Depths:4
Ziggurat: Depths:4

Annotations:
D:6 2 transporters, ShellytheWitch's ghost, novice KoBr
D:7 2 transporters
D:11 exclusion: 2 statues
Depths:4 3 runed translucent doors, Peitt's ghost, veteran BaIE
Zot:1 4 transporters


Innate Abilities, Weirdness & Mutations

You have a pair of horns on your head.
You reflexively headbutt those who attack you in melee.
You sometimes lose your temper in combat.
You are clumsy. (Dex -2)
You are dopey. (Int -2)
Your spells are a little easier to cast, but a little less powerful.
You occasionally lose the ability to read scrolls when taking damage.


Message History

You feel aware of your surroundings.
Found a glowing hand axe.
A kobold comes into view. It is wielding a +0 dagger.
The kobold moves out of view.
Found a short sword.
You open the door.
Found a scroll of amnesia and an amulet of faith.
There is an open door here.
You open the door.
There is an open door here.
An Orb Guardian comes into view.
You closely miss the Orb Guardian. You closely miss the Orb Guardian.
You headbutt the Orb Guardian.
The Orb Guardian is lightly wounded.
You block the Orb Guardian's attack.
You miss the Orb Guardian. Your headbutt misses the Orb Guardian.
The Orb Guardian is lightly wounded.
You block the Orb Guardian's attack.
You closely miss the Orb Guardian. Your headbutt misses the Orb Guardian.
The Orb Guardian is lightly wounded.
You slash the Orb Guardian! Your headbutt misses the Orb Guardian.
The Orb Guardian is moderately wounded.
You block the Orb Guardian's attack.
You slice the Orb Guardian!!
The Orb Guardian is heavily wounded.
You block the Orb Guardian's attack.
You hit the Orb Guardian. You headbutt the Orb Guardian!
The Orb Guardian is almost dead.
You block the Orb Guardian's attack.
You open the Orb Guardian like a pillowcase!!!
You kill the Orb Guardian!
Trog accepts your kill.
There is an open door here.
There is a staircase leading out of the dungeon here.
There is a staircase leading out of the dungeon here.
There is a staircase leading out of the dungeon here.
There is a staircase leading out of the dungeon here.
There is a staircase leading out of the dungeon here.
You can't go down here!
You have escaped!

#....# ##...##........ #..,,*
##..#.########## *,,,,* ###..##.#
*,,,,* #...###.## **,*,*
####'#####..# ,,,*,*****
#.......###.#
..,,,,,,,***#.8.8.8.# #.#########
.#**,***,,,,#.......###.........#
..,*,*,*,**,+.8.@.8.'...........#
.#,*,,.#,***#.......###.........#
.#,**#.#.# #.8.8.8.# #.....†...#
.#,###.#.# #.......# ##..#######
.#,,...#.#######'#### ##..##
.####....#....##.#########..#####
....+....#.......................
#.###...#####'###############....
....'...+....).......* #####


There were no monsters in sight!

Vanquished Creatures
  Frederick (Vaults:4)
  4 dread liches
  4 orbs of fire
  5 ancient liches
  Mara (Vaults:3)
  A juggernaut (Depths:1)
  Mennas (Crypt:1)
  Xtahua (Crypt:1)
  Boris (Crypt:2)
  Parghit (Zot:2)
  2 antique champions (WizLab)
  the Lernaean hydra (Swamp:4)
  Bai Suzhen (Depths:1)
  3 Killer Klowns (Zot:4)
  The ghost of Hali the Executioner, a veteran FoFi of Dithmenos (Crypt:2)
  3 caustic shrikes
  A curse toe (Zot:2)
  4 golden dragons
  Jory (Depths:4)
  the Enchantress (Depths:1)
  A profane servitor (Zot:1)
  2 electric golems
  A hellephant (Depths:2)
  A walking crystal tome (Depths:1)
  11 tentacled monstrosities
  7 liches
  3 deep elf blademasters
  2 walking earthen tomes
  A shard shrike skeleton (Crypt:1)
  A titan (Vaults:5)
  26 Orb Guardians
  3 quicksilver dragons
  6 sphinxes
  2 walking frostbound tomes (Depths:1)
  7 ancient champions
  2 deep elf master archers (Elf:3)
  Gastronok (D:10)
  7 death cobs
  A thorn hunter (Swamp:2)
  Aizul (Elf:2)
  Roxanne (Snake:4)
  9 tengu reavers
  5 narguns (Depths:1)
  15 storm dragons
  7 shadow dragons
  The ghost of Amemom the Bludgeoner, a journeyman MiFi of Ru (Snake:2)
  7 frost giants
  5 nagarajas (Snake:4)
  8 fire giants
  A revenant (Crypt:2)
  2 draconian knights
  9 protean progenitors
  6 draconian shifters
  26 vault wardens
  3 draconian scorchers (Zot:4)
  5 ghost moths
  4 draconian monks
  Louise (Elf:2)
  3 iron dragons
  2 imperial myrmidons (Desolation)
  2 deep elf sorcerers (Vaults:5)
  5 curse skulls
  A deep elf elementalist (Elf:3)
  3 reapers
  2 draconian stormcallers
  5 draconian annihilators
  4 spriggan defenders
  17 ghouls
  3 formless jellyfish
  20 ironbound preservers
  2 broodmothers (Zot:3)
  18 very ugly things
  3 juggernaut skeletons
  18 stone giants
  7 ironbound thunderhulks
  7 deep elf demonologists
  3 halazid warlocks (Desolation)
  3 deep elf death magi
  The ghost of puppykicker the Slicer, a journeyman VSNe of Okawaru (Orc:2)
  6 yellow draconians
  30 vampire knights
  4 red draconians
  3 deep elf annihilators
  A demonspawn black sun (Zot:1)
  10 bunyips
  A dire elephant (Vaults:1)
  The ghost of juan097 the Nimble, a journeyman GnHs of Fedhas (Orc:2)
  The ghost of SmokeWeed the Covert, a journeyman GnEn of Gozag (Orc:2)
  9 green draconians
  3 white draconians
  2 war gargoyles (Vaults:4)
  4 spark wasps
  6 black draconians
  11 purple draconians
  2 eleionomae
  The ghost of Anyutwal the Cleaver, a journeyman HOFi of Beogh (D:12)
  3 crystal guardians
  A blizzard demon (Depths:3)
  4 eidola
  4 ragged hierophants (Desolation)
  5 fire dragons
  9 ettins
  14 yaktaur captains
  A quicksilver dragon zombie (Crypt:2)
  A green death (Depths:2)
  A merfolk impaler (Depths:3)
  2 shambling mangroves
  5 entropy weavers
  11 jiangshi
  Fannar (Lair:3)
  7 servants of whispers (Desolation)
  10 great orbs of eyes
  A juggernaut simulacrum (WizLab)
  34 vault guards
  2 spriggan zombies
  8 peacekeepers
  9 hydras
  6 deep elf high priests
  2 ghost crabs
  A hell beast (Zot:4)
  7 spriggan air magi
  13 ironbound frosthearts
  2 ogre magi (Vaults:5)
  A merfolk avatar (Lair:5)
  7 ice dragons
  7 two-headed ogres
  14 alligators
  13 centaur warriors
  3 death knights
  3 rakshasas
  A two-headed ogre (shapeshifter) (Elf:3)
  4 satyrs
  3 death yaks (Lair:4)
  12 naga warriors
  9 anacondas
  8 deep troll shamans
  30 dancing weapons
  4 deep troll earth magi
  4 orc high priests
  7 tengu warriors
  8 vampire magi
  6 hell hogs
  5 shock serpents
  15 naga sharpshooters
  3 occultists
  4 spriggan berserkers
  A titan zombie (Crypt:3)
  2 soul eaters
  A sun demon (Depths:3)
  Sonja (Orc:2)
  22 deep elf knights
  14 hell knights
  A storm dragon zombie (Crypt:1)
  A titan skeleton (Depths:3)
  Nergalle (D:10)
  A fire crab (shapeshifter) (D:14)
  7 salamander mystics
  5 shadow wraiths
  5 skysharks
  11 iron trolls
  6 sea snakes
  A sixfirhy (Depths:3)
  53 deep trolls
  3 storm dragon skeletons
  11 glowing orange brains
  A swamp dragon (shapeshifter) (Vaults:5)
  4 goliath frogs
  56 skeletal warriors
  5 flayed ghosts
  A glowing orange brain (shapeshifter) (Vaults:3)
  A sea snake (shapeshifter) (D:13)
  30 slime creatures
  A deep troll (shapeshifter) (Vaults:3)
  A shadow demon (Depths:2)
  15 bog bodies
  2 spriggan druids
  Lodul (D:10)
  15 deep elf archers
  2 mana vipers (shapeshifter)
  6 naga ritualists
  6 swamp dragons
  15 ironbound convokers
  7 mana vipers
  6 arcanists
  5 lindwurms
  4 harpies
  2 large abominations (Abyss:2)
  An obsidian statue (Zot:5)
  A shadow dragon zombie (Depths:3)
  20 deep elf zephyrmancers
  25 phantasmal warriors
  5 necromancers
  5 orc knights
  27 deep elf pyromancers
  4 orc sorcerers
  3 cyclopes
  20 moths of wrath
  A tengu skeleton (Vaults:3)
  2 manticores
  26 ugly things
  An iron dragon zombie (Crypt:1)
  2 will-o-the-wisps
  19 salamanders
  4 oklob plants (Lair:3)
  4 kobold blastminers
  14 guardian serpents
  13 vault sentinels
  A frost giant skeleton (Vaults:3)
  A centaur zombie (Crypt:3)
  18 cane toads
  7 elephants
  2 smoke demons (Depths:4)
  37 black mambas
  2 ice statues (IceCv)
  A black draconian zombie (Crypt:2)
  2 eyes of devastation (shapeshifter)
  A rust devil (Depths:3)
  15 naga magi
  4 torpor snails
  2 stone giant skeletons (WizLab)
  A grey draconian zombie (Crypt:3)
  2 kobold demonologists
  An efreet (D:15)
  A storm dragon simulacrum (Depths:3)
  13 komodo dragons
  Maggie (D:7)
  4 rime drakes
  3 tengu conjurers
  An anaconda simulacrum (IceCv)
  8 freezing wraiths
  2 golden dragon simulacra (WizLab)
  A purple draconian skeleton (Crypt:3)
  18 yaktaurs
  9 ice devils
  3 harpy zombies (Crypt:3)
  5 human skeletons (Vaults:3)
  2 wind drakes (Lair:5)
  A black draconian skeleton (Crypt:1)
  A catoblepas skeleton (Crypt:3)
  A guardian mummy (Crypt:3)
  5 polar bears
  11 tyrant leeches
  A shadow dragon simulacrum (Depths:3)
  2 tengu simulacra (Depths:3)
  5 trolls
  A hellwing (Depths:3)
  19 hornets
  A moth of wrath zombie (Crypt:3)
  36 saltlings
  A merfolk (shapeshifter) (Vaults:5)
  A spectral guardian serpent (Snake:2)
  A tarantella (shapeshifter) (D:13)
  Prince Ribbit (D:9)
  A snapping turtle (Lair:5)
  3 glass eyes
  A dream sheep (shapeshifter) (D:13)
  17 blink frogs
  6 dream sheep (Lair:5)
  19 spriggans
  A shadow (D:12)
  2 ettin skeletons (Vaults:3)
  A spectral black mamba (Snake:2)
  11 wraiths
  74 yaks
  5 air elementals
  2 vampires (WizLab)
  4 water elementals
  A mana viper simulacrum (Snake:2)
  2 ynoxinuls
  3 fire elementals (Elf:1)
  4 basilisks
  11 wyverns
  A death yak simulacrum (IceCv)
  3 steam dragons
  4 wargs
  8 vampire mosquitoes
  A chaos spawn (Depths:3)
  2 redbacks (Vaults:1)
  A harpy simulacrum (IceCv)
  A naga zombie (Crypt:3)
  17 swamp worms
  21 water moccasins
  42 nagas
  A two-headed ogre zombie (WizLab)
  3 acid dragons
  A hydra simulacrum (IceCv)
  A swamp worm (shapeshifter) (Vaults:5)
  A guardian serpent simulacrum (Snake:2)
  An ettin simulacrum (WizLab)
  An ogre skeleton (Vaults:3)
  7 swamp drakes
  An ice beast (D:7)
  A deep troll skeleton (WizLab)
  6 laughing skulls
  33 orc warriors
  A swamp dragon zombie (WizLab)
  5 black bears
  A glowing shapeshifter skeleton (Vaults:3)
  19 ogres
  9 centaurs
  17 wolves
  A dream sheep skeleton (Crypt:2)
  2 phantoms
  A blink frog skeleton (Crypt:3)
  4 kobold brigands
  A fire crab zombie (Crypt:1)
  A rime drake skeleton (Crypt:3)
  2 brain worms (Sewer)
  16 bullfrogs
  A draconian zombie (Crypt:2)
  2 gnoll sergeants
  4 necrophages
  2 scorpions
  A salamander simulacrum (Snake:2)
  2 earth elementals
  6 two-headed ogre simulacra
  A cyclops zombie (WizLab)
  13 wights
  A polar bear zombie (Crypt:1)
  An elephant simulacrum (IceCv)
  5 killer bees
  A yak zombie (Crypt:2)
  3 spectral nagas (Snake:2)
  3 bombardier beetles
  14 howler monkeys
  An electric eel (Lair:4)
  9 jellies
  13 orc priests
  3 hounds
  A gnoll bouda (D:5)
  A cyclops simulacrum (WizLab)
  Jessica (D:3)
  Terence (D:3)
  11 hell rats
  29 orc wizards
  3 iguanas
  3 spriggan simulacra
  4 troll simulacra
  3 wolf simulacra
  2 naga skeletons
  12 mummies (Crypt:3)
  8 gnolls
  7 adders
  2 naga simulacra (D:13)
  2 river rats (Sewer)
  2 shadow imps
  A white imp (D:8)
  11 ufetubi
  A jelly zombie (Crypt:3)
  A lava snake zombie (Crypt:2)
  4 dart slugs
  3 ribbon worms
  90 orcs
  4 bats
  10 endoplasms
  A giant cockroach (D:3)
  6 hobgoblins
  4 jackals (D:3)
  9 kobolds
  5 quokkas
  7 ball pythons
  4 frilled lizards
  A frilled lizard skeleton (Crypt:2)
  14 goblins
  A kobold skeleton (Crypt:2)
  A quokka zombie (Crypt:1)
  8 rats
2354 creatures vanquished.

Vanquished Creatures (collateral kills)
  A Killer Klown (Zot:5)
  An electric golem (Zot:5)
  A Brimstone Fiend (D:12)
  A tentacled monstrosity (Swamp:2)
  A titan (Vaults:5)
  A fenstrider witch (Swamp:4)
  A tengu reaver (Depths:4)
  A draconian scorcher (Zot:4)
  An orc warlord (Orc:2)
  2 black draconians
  2 eleionomae (Swamp:2)
  A red draconian (Zot:5)
  A bunyip (Swamp:2)
  A fire dragon (Depths:4)
  A shambling mangrove (Swamp:2)
  9 hydras
  2 ice dragons (Depths:4)
  A ghost crab (Swamp:2)
  2 alligators (Zot:5)
  A two-headed ogre (Orc:1)
  A dancing weapon (Elf:2)
  A naga sharpshooter (Snake:3)
  2 spriggans (Swamp:3)
  2 goliath frogs (Zot:5)
  A skyshark (Lair:5)
  4 bog bodies (Swamp:4)
  2 swamp dragons (Swamp:3)
  A will-o-the-wisp (Swamp:2)
  A torpor snail (Lair:5)
  2 hornets (Swamp:3)
  A troll (Orc:2)
  5 yaks (Lair:3)
  A basilisk (Lair:3)
  A vampire mosquito (Swamp:2)
  2 swamp drakes (Swamp:4)
  5 orc warriors
  2 laughing skulls (Crypt:1)
  2 ogres (D:10)
  A spectral naga (Snake:2)
  A naga simulacrum (Snake:2)
  4 orc priests (Orc:2)
  2 orc wizards (Orc:2)
  9 orcs
85 creatures vanquished.

Vanquished Creatures (others)
  A draconian annihilator (Zot:5)
  A red draconian (Zot:5)
  2 hydras (Swamp:4)
  A swamp dragon (Swamp:4)
  A deep elf zephyrmancer (Elf:1)
  A vault sentinel (Vaults:3)
  A hornet (Swamp:1)
  3 bloated husks
  A naga (Snake:4)
  An orc priest (D:14)
  An orc wizard (Orc:1)
  An orc (Orc:2)
  10 foxfires
  A spectral weapon (Depths:1)
26 creatures vanquished.

Grand Total: 2465 creatures vanquished

Notes
Turn   | Place    | Note
-------+----------+-------------------------------------------
     0 | D:1      | napier2 the Minotaur Berserker began the quest for the Orb.
     0 | D:1      | Reached XP level 1. HP: 19/19 MP: 0/0
   356 | D:1      | You fall into a shaft and drop 1 floor!
   378 | D:2      | Reached XP level 2. HP: 9/27 MP: 1/1
   719 | D:2      | Reached XP level 3. HP: 34/34 MP: 2/2
   752 | D:2      | Found a radiant altar of Vehumet.
   760 | D:2      | Reached ** piety under Trog
  1657 | D:3      | Reached skill level 5 in Axes
  1673 | D:3      | Reached XP level 4. HP: 23/41 MP: 3/3
  1677 | D:3      | Found a glowing drain.
  1681 | Sewer    | Entered a sewer
  1812 | Sewer    | Reached skill level 5 in Fighting
  1942 | Sewer    | Noticed a brain worm
  1952 | Sewer    | Killed a brain worm
  1953 | Sewer    | Reached XP level 5. HP: 42/48 MP: 0/4
  2319 | D:3      | Noticed Terence
  2323 | D:3      | Killed Terence
  2324 | D:3      | Reached XP level 6. HP: 56/57 MP: 5/5
  2579 | D:3      | Found a shimmering altar of Xom.
  2579 | D:3      | Noticed Jessica
  2591 | D:3      | Killed Jessica
  3260 | D:4      | Reached *** piety under Trog
  3269 | D:4      | Reached skill level 1 in Throwing
  3269 | D:4      | Reached XP level 7. HP: 59/63 MP: 6/6
  3388 | D:4      | Identified the +4 flail of Linearity {flame, rF- rCorr
                  | Str+3 Int+5}
  3500 | D:5      | Entered Level 5 of the Dungeon
  3522 | D:5      | Found Zikaimn's Weapon Shop.
  3557 | D:5      | Reached skill level 1 in Evocations
  3578 | D:5      | Identified the +0 robe of the Leaf {rPois rC++ Int-4
                  | Archmagi}
  3645 | D:5      | Found a burning altar of Makhleb.
  3891 | D:5      | Found Nepu's Jewellery Shop.
  4115 | D:5      | Found Yshoerie's Antique Armour Boutique.
  4119 | D:5      | Bought a pair of bloodstained boots for 180 gold pieces
  4119 | D:5      | Identified the +1 pair of boots of Classification {rPois
                  | Dex+5} (You bought it in a shop on level 5 of the Dungeon)
  4228 | D:6      | Reached XP level 8. HP: 71/71 MP: 7/7
  4282 | D:6      | Found Satuafy's Elemental Accessories.
  4291 | D:6      | Found a transporter.
  4330 | D:6      | Reached skill level 10 in Axes
  4336 | D:6      | Reached **** piety under Trog
  4544 | D:5      | Bought a pair of embroidered gloves for 142 gold pieces
  4766 | D:6      | Noticed a worldbinder
  4791 | D:6      | Found a transporter.
  4862 | D:6      | Reached skill level 1 in Shields
  4907 | D:6      | Found a blossoming altar of Fedhas.
  4948 | D:6      | Found a one-way gate to the infinite horrors of the Abyss.
  4948 | D:6      | Noticed ShellytheWitch's ghost (novice KoBr)
  5148 | D:7      | Found a transporter.
  5182 | D:7      | Found a transporter.
  5200 | D:7      | Found a flagged portal.
  5206 | D:7      | Reached XP level 9. HP: 81/81 MP: 8/8
  5230 | Bailey   | Entered a bailey
  5643 | Bailey   | Noticed a two-headed ogre
  5652 | Bailey   | Killed a two-headed ogre
  5653 | Bailey   | Reached skill level 5 in Shields
  5661 | Bailey   | Identified the +0 steam dragon scales of Pimuam {Regen+
                  | Str-3 Dex+2 SInv}
  5869 | D:7      | Noticed Maggie
  5878 | D:7      | Killed Maggie
  6019 | D:7      | Reached XP level 10. HP: 93/93 MP: 9/9
  6024 | D:7      | Reached skill level 10 in Fighting
  6049 | D:7      | Found a staircase to the Ecumenical Temple.
  6266 | D:7      | Found a sacrificial altar of Ru.
  6521 | D:7      | Identified the +4 chain mail of Fubes {rC++ rCorr Dex-3
                  | SInv}
  6676 | D:8      | Noticed a two-headed ogre
  6682 | D:8      | Killed a two-headed ogre
  7476 | D:9      | Found an ancient bone altar of Kikubaaqudgha.
  7488 | D:9      | Reached skill level 15 in Axes
  7567 | D:9      | Noticed a deep elf pyromancer
  7575 | D:9      | Noticed a manticore
  7586 | D:9      | Killed a deep elf pyromancer
  7587 | D:9      | Reached XP level 11. HP: 93/104 MP: 10/10
  7629 | D:9      | Noticed a death knight
  7645 | D:9      | Killed a death knight
  7664 | D:9      | Identified the +1 quarterstaff of the Ferocious God {venom,
                  | rPois rC+ rCorr Str+4}
  7756 | D:9      | Noticed a brown ugly thing
  7757 | D:9      | Noticed a red ugly thing
  7764 | D:9      | Killed a brown ugly thing
  7769 | D:9      | Killed a brown ugly thing
  7775 | D:9      | Reached ***** piety under Trog
  7888 | D:9      | Found a staircase to the Lair.
  7891 | D:9      | Identified the +8 sling "Naghi" {freeze, ^Contam rElec
                  | rPois Str+5}
  7954 | D:9      | Found Hukhegan's Distillery.
  7958 | D:9      | Bought a potion of degeneration for 11 gold pieces
  7958 | D:9      | Bought a potion of lignification for 33 gold pieces
  7958 | D:9      | Bought a potion of might for 44 gold pieces
  7958 | D:9      | Bought a potion of resistance for 110 gold pieces
  8083 | D:9      | Found an iron altar of Okawaru.
  8083 | D:9      | Found a hazy altar of Hepliaklqana.
  8083 | D:9      | Found a bloodstained altar of Trog.
  8339 | D:9      | Noticed Prince Ribbit
  8352 | D:9      | Killed Prince Ribbit
  8469 | D:10     | Entered Level 10 of the Dungeon
  8505 | D:10     | Noticed Nergalle
  8514 | D:10     | Killed Nergalle
  8735 | D:10     | Noticed a two-headed ogre
  8745 | D:10     | Reached skill level 15 in Fighting
  8751 | D:10     | Killed a two-headed ogre
  8966 | D:10     | Noticed a phantasmal warrior
  8973 | D:10     | Killed a phantasmal warrior
  8974 | D:10     | Reached XP level 12. HP: 115/121 MP: 11/11
  9050 | D:10     | Found the +3 pair of seven-league boots {Rampage+∞}
  9131 | D:10     | Noticed Lodul
  9166 | D:10     | Killed Lodul
  9784 | D:10     | Noticed Gastronok
  9804 | D:10     | Killed Gastronok
  9953 | D:10     | Found a staircase to the Orcish Mines.
 10257 | D:11     | Noticed a two-headed ogre
 10259 | D:11     | Noticed a two-headed ogre
 10260 | D:11     | Killed a two-headed ogre
 10266 | D:11     | Killed a two-headed ogre
 10915 | D:12     | Found a transporter.
 10922 | D:12     | Found a transporter.
 10923 | D:12     | Noticed a tengu warrior
 10923 | D:12     | Noticed a two-headed ogre
 10923 | D:12     | Noticed Anyutwal's ghost (journeyman HOFi)
 10926 | D:12     | Found a bloodstained altar of Trog.
 10926 | D:12     | Noticed a two-headed ogre
 10926 | D:12     | Noticed a tengu warrior
 11071 | D:12     | Found Peazap's Antique Armour Shop.
 11104 | D:12     | Found Ydgh's Antique Weapon Shop.
 11374 | D:12     | Received a gift from Trog
 11780 | Lair:1   | Entered Level 1 of the Lair of Beasts
 11896 | Lair:1   | Reached XP level 13. HP: 120/136 MP: 12/12
 12314 | Lair:1   | Reached skill level 5 in Evocations
 13166 | Lair:2   | Found a staircase to the Snake Pit.
 14035 | Lair:3   | Noticed Fannar
 14056 | Lair:3   | Killed Fannar
 14374 | Lair:3   | Found a snail-covered altar of Cheibriados.
 14466 | Lair:3   | Found a staircase to the Swamp.
 14817 | Lair:3   | Reached XP level 14. HP: 122/155 MP: 13/13
 15111 | Lair:4   | Received a gift from Trog
 15521 | Lair:4   | You fall into a shaft and drop 1 floor!
 15521 | Lair:5   | Entered Level 5 of the Lair of Beasts
 16535 | Lair:4   | Identified the +1 robe of the Cartwright {rF+ rN+}
 16771 | Lair:4   | Found a staircase to the Slime Pits.
 17410 | Lair:4   | Identified the +2 trident of Bankruptcy {flame, rCorr}
                  | (Trog gifted it to you on level 4 of the Lair of Beasts)
 17410 | Lair:4   | Received a gift from Trog
 18035 | Lair:5   | Identified the +9 dagger "Ohanaeg" {flame, rN+}
 18578 | Orc:1    | Entered Level 1 of the Orcish Mines
 18592 | Orc:1    | Reached XP level 15. HP: 103/170 MP: 14/14
 18755 | Orc:1    | Found a shimmering blue altar of Sif Muna.
 19184 | Orc:2    | Entered Level 2 of the Orcish Mines
 19282 | Orc:2    | Found a runed translucent gate.
 19283 | Orc:2    | Found a runed translucent gate.
 19285 | Orc:2    | Found a runed translucent gate.
 19300 | Orc:2    | Received a gift from Trog
 19323 | Orc:2    | Noticed puppykicker's ghost (journeyman VSNe)
 19323 | Orc:2    | Noticed SmokeWeed's ghost (journeyman GnEn)
 19323 | Orc:2    | Noticed juan097's ghost (journeyman GnHs)
 19401 | Orc:2    | Killed SmokeWeed's ghost
 19402 | Orc:2    | Killed juan097's ghost
 19408 | Orc:2    | Killed puppykicker's ghost
 19552 | Orc:2    | Found Bolul's Jewellery Shop.
 19758 | Orc:2    | Found Pioraeck's Jewellery Boutique.
 19891 | Orc:2    | Noticed Sonja
 19894 | Orc:2    | Killed Sonja
 19975 | Orc:2    | Found a staircase to the Elven Halls.
 20474 | Orc:2    | Found Zubrea Idyc's Antique Armour Shop.
 20476 | Orc:2    | Found Taabiecala's Antique Weapon Boutique.
 20587 | Orc:2    | Bought a distressingly furry plate armour for 840 gold
                  | pieces
 20587 | Orc:2    | Identified the +0 plate armour "Letzoazeet" {Str+3} (You
                  | bought it in a shop on level 2 of the Orcish Mines)
 20905 | D:12     | Killed Anyutwal's ghost
 21469 | D:13     | Found a frozen archway.
 21494 | IceCv    | Entered an ice cave
 21546 | IceCv    | Received a gift from Trog
 22737 | D:13     | Found a gate to the Vaults.
 23390 | D:14     | Found Penuedwi's Armour Shop.
 23832 | D:15     | Entered Level 15 of the Dungeon
 23906 | D:14     | Bought the +7 acid dragon scales of the Ladybird {rN++
                  | rCorr Dex+4 Stlth-} for 1194 gold pieces
 24548 | D:15     | Found Retalog's Antique Armour Emporium.
 24797 | D:15     | Found a staircase to the Depths.
 25374 | Snake:1  | Entered Level 1 of the Snake Pit
 25461 | Snake:1  | Reached skill level 27 in Fighting
 25472 | Snake:1  | Reached XP level 16. HP: 183/183 MP: 5/15
 25794 | Snake:1  | Identified the +9 great sword of Clean Hubris {heavy, rPois
                  | rC- Int-3 Stlth+} (Trog gifted it to you on level 1 of the
                  | Snake Pit)
 25794 | Snake:1  | Received a gift from Trog
 26075 | Snake:2  | Reached skill level 1 in Long Blades
 26075 | Snake:2  | Reached skill level 1 in Invocations
 26288 | Snake:2  | Found a runed translucent gate.
 26288 | Snake:2  | Found a runed translucent gate.
 26288 | Snake:2  | Found a runed translucent gate.
 26294 | Snake:2  | Noticed Amemom's ghost (journeyman MiFi)
 26818 | Snake:2  | Found Himiuczi's Magic Scroll Emporium.
 26821 | Snake:2  | Found Faebuemi's Magic Scroll Emporium.
 26821 | Snake:2  | Found Gowotuic's Antique Armour Shoppe.
 26827 | Snake:2  | Found Tidunesk's Book Shoppe.
 26886 | Snake:2  | Bought a scroll of brand weapon for 133 gold pieces
 26909 | Snake:2  | Bought a scroll of blinking for 127 gold pieces
 27277 | Snake:2  | Killed Amemom's ghost
 27523 | Snake:2  | Reached skill level 10 in Shields
 27867 | Snake:3  | Found Ykesusar's General Store.
 27882 | Snake:3  | Bought a potion of invisibility for 120 gold pieces
 28592 | Snake:3  | Reached XP level 17. HP: 191/191 MP: 5/17
 28791 | Snake:3  | Identified the +1 shortbow "Vouqie" {freeze, *Corrode Fly
                  | Str+3}
 29886 | Snake:4  | Entered Level 4 of the Snake Pit
 30031 | Swamp:1  | Entered Level 1 of the Swamp
 30703 | Swamp:1  | Reached skill level 15 in Shields
 31519 | Swamp:2  | Noticed a tentacled monstrosity
 31525 | Swamp:2  | Reached XP level 18. HP: 184/200 MP: 6/18
 31527 | Swamp:2  | Killed a tentacled monstrosity
 33091 | Swamp:4  | Entered Level 4 of the Swamp
 33729 | Snake:4  | Found Monlu Caicw's General Store.
 33737 | Snake:4  | Bought a scroll of enchant armour for 105 gold pieces
 33737 | Snake:4  | Bought 2 potions of haste for 280 gold pieces
 33737 | Snake:4  | Bought a potion of curing for 42 gold pieces
 34169 | Snake:4  | Noticed Roxanne
 34185 | Snake:4  | Killed Roxanne
 34574 | Snake:4  | Received a gift from Trog
 34992 | Snake:4  | HP: 9/200 [something (10)]
 35433 | Snake:4  | Reached XP level 19. HP: 124/207 MP: 6/19
 35455 | Snake:4  | Received a gift from Trog
 35470 | Snake:4  | Got a serpentine rune of Zot
 36001 | Swamp:4  | Reached skill level 5 in Armour
 36968 | Swamp:4  | Noticed the 27-headed Lernaean hydra
 37044 | Swamp:4  | Killed the 24-headed Lernaean hydra
 37089 | Swamp:4  | Got a decaying rune of Zot
 37684 | Elf:1    | Entered Level 1 of the Elven Halls
 37696 | Elf:1    | Reached skill level 10 in Armour
 37894 | Elf:1    | Found Syiky's General Store.
 38107 | Elf:1    | Found Yva Fakh's Assorted Antiques.
 38511 | Elf:1    | Paralysed by an air elemental for 1 turns
 38516 | Elf:1    | Paralysed by an air elemental for 1 turns
 38758 | Elf:1    | Paralysed by an air elemental for 1 turns
 38761 | Elf:1    | Paralysed by an air elemental for 1 turns
 39068 | Elf:2    | Paralysed by an air elemental for 1 turns
 39101 | Elf:2    | Reached skill level 5 in Invocations
 39239 | Elf:2    | Found Ulukuasa's Jewellery Shoppe.
 39254 | Elf:2    | Found an ancient bone altar of Kikubaaqudgha.
 39326 | Elf:2    | Received a gift from Trog
 39652 | Elf:2    | Found a runed translucent gate.
 39653 | Elf:2    | Found a runed translucent gate.
 39653 | Elf:2    | Found a runed translucent gate.
 39767 | Elf:2    | Reached ****** piety under Trog
 39988 | Elf:2    | Identified the serpent talisman "Zekhil Mou" {rCorr}
 39988 | Elf:2    | Noticed Aizul
 39996 | Elf:2    | Killed Aizul
 40007 | Elf:2    | Reached XP level 20. HP: 132/216 MP: 8/24
 40031 | Elf:2    | Noticed Louise
 40044 | Elf:2    | Killed Louise
 40477 | Elf:1    | Bought a scroll of blinking for 105 gold pieces
 40486 | Elf:3    | Entered Level 3 of the Elven Halls
 40893 | Elf:3    | Received a gift from Trog
 41580 | Elf:3    | Identified the staff of Poik {rCorr Str+4 Dex+3 Earth}
 41580 | Elf:3    | Identified the amulet "Ofrio" {Spirit rPois Regen+}
 42034 | Elf:3    | Identified the amulet of Wycimy {Spirit SInv}
 42097 | Elf:3    | Identified the +6 scale mail of Mirep {rC+ rCorr Stlth-}
 42098 | Elf:3    | Identified the +11 plate armour of the Will of the Gods
                  | {rF+}
 42127 | Elf:3    | Identified the +3 leather armour of the Tundras {rN+ Str-3
                  | Int+5}
 42132 | Elf:3    | Identified the +2 ring mail "Gues" {+Inv rC++}
 42190 | Elf:3    | Identified the +9 short sword "Aliasies" {flame, Int+2}
 42301 | Abyss:2  | Cast into level 2 of the Abyss (a deep elf demonologist)
 42348 | Elf:3    | Escaped the Abyss
 42702 | Depths:1 | Entered Level 1 of the Depths
 42767 | Depths:1 | Found a portal to a secret trove of treasure.
 42777 | Depths:1 | You paid a toll of 5 scrolls of fear to enter a treasure
                  | trove
 42778 | Trove    | Entered a treasure trove
 42786 | Trove    | Identified the ring "Onkaalem" {EV+5 Int+2 Slay+2}
 42789 | Trove    | Identified the ring of Mape {rElec Will+ Dex+6}
 42790 | Trove    | Identified the amulet of Yladoqypp {Faith Harm ^Fragile
                  | rPois MP+9}
 42814 | Trove    | Identified the amulet "Sayvir" {RegenMP Will+ rCorr Str-3}
 42815 | Trove    | Identified the amulet "Saost" {rElec Regen+ Dex+4}
 42907 | Depths:1 | Reached skill level 10 in Invocations
 43006 | Depths:1 | Noticed a juggernaut
 43026 | Depths:1 | Killed a juggernaut
 43204 | Depths:1 | Reached skill level 15 in Armour
 43652 | Depths:1 | Noticed Bai Suzhen
 43667 | Depths:1 | Killed Bai Suzhen
 44061 | Depths:1 | Noticed the Enchantress
 44082 | Depths:1 | Killed the Enchantress
 44110 | Depths:1 | Identified a scroll of acquirement
 44116 | Depths:1 | Acquired the +1 hat of a Million Bounties {^Contam Will+++
                  | SInv Stlth-}
 44174 | Depths:1 | Found a gateway to Hell.
 44258 | Depths:2 | Received a gift from Trog
 44328 | Depths:2 | You fall into a shaft and drop 2 floors!
 44328 | Depths:4 | Entered Level 4 of the Depths
 44328 | Depths:4 | Found a one-way gate leading to the halls of Pandemonium.
 44337 | Depths:4 | Noticed Peitt's ghost (veteran BaIE)
 44338 | Depths:4 | Found a runed translucent gate.
 44339 | Depths:4 | Found a runed translucent gate.
 44339 | Depths:4 | Found a runed translucent gate.
 44342 | Depths:4 | Noticed Jory
 44354 | Depths:4 | Killed Jory
 44361 | Depths:4 | Reached XP level 21. HP: 206/224 MP: 9/27
 45144 | Depths:3 | Received a gift from Trog
 45172 | Depths:3 | Identified the +1 flail of Embarrassment {holy, Fly}
 45882 | Depths:2 | Reached skill level 5 in Dodging
 46181 | Depths:2 | Received a gift from Trog
 46364 | Depths:2 | Found a glowing golden altar of the Shining One.
 46366 | Depths:2 | Found a white marble altar of Elyvilon.
 46367 | Depths:2 | Found a glowing silver altar of Zin.
 46497 | Depths:2 | Found Suuniek's General Store.
 46510 | Depths:2 | Bought 2 potions of heal wounds for 120 gold pieces
 46510 | Depths:2 | Bought a scroll of enchant armour for 90 gold pieces
 46510 | Depths:2 | Bought a scroll of blinking for 90 gold pieces
 47179 | Depths:4 | Found a one-way gateway to a ziggurat.
 47186 | Depths:4 | Noticed a caustic shrike
 47188 | Depths:4 | Noticed a caustic shrike
 47189 | Depths:4 | Noticed a caustic shrike
 47206 | Depths:3 | Killed a caustic shrike
 47210 | Depths:3 | Killed a caustic shrike
 47354 | Depths:4 | Killed a caustic shrike
 47442 | Depths:4 | Reached XP level 22. HP: 228/233 MP: 9/28
 47442 | Depths:4 | Found a gate to the Realm of Zot.
 47783 | Depths:4 | Received a gift from Trog
 47922 | Depths:4 | Identified the +3 quarterstaff of Uhikeuss {flame, ^Drain
                  | rC+ Will+}
 48024 | Depths:4 | Found a snail-covered altar of Cheibriados.
 48517 | Depths:4 | Identified the +12 demon blade "Addibas" {venom, ^Contam
                  | rPois rN+ Str+4 SInv}
 49277 | Vaults:1 | Entered Level 1 of the Vaults
 49489 | Vaults:1 | Received a gift from Trog
 49555 | Vaults:1 | Found Dihoi's Jewellery Shoppe.
 51361 | Vaults:2 | Identified the +9 war axe "Minotaur's Regret" {antimagic,
                  | *Noise rF+ rC+ rN+} (Trog gifted it to you on level 2 of
                  | the Vaults)
 51361 | Vaults:2 | Received a gift from Trog
 51540 | Vaults:3 | Noticed Mara
 51542 | Vaults:3 | Noticed napier2's illusion
 51550 | Vaults:3 | Killed Mara
 52003 | Vaults:3 | Identified the ring of Guqiless {rPois rN+++ Str+3 Dex-5
                  | SInv}
 52181 | Vaults:3 | Reached XP level 23. HP: 240/240 MP: 9/29
 52260 | Vaults:3 | Identified the +3 chain mail of Nice Brilliance {Str+4
                  | Dex+3 Stlth-}
 52783 | Vaults:3 | Found a staircase to the Crypt.
 52866 | Vaults:4 | Identified the orb of the Weak God {*channel, *Slow Int+4}
 52866 | Vaults:4 | Noticed Frederick
 52879 | Vaults:4 | Reached skill level 10 in Dodging
 52896 | Vaults:4 | Killed Frederick
 52911 | Vaults:4 | Identified the +9 war axe "Vufuutt" {flame, *Rage Str+3}
                  | (Trog gifted it to you on level 4 of the Vaults)
 52911 | Vaults:4 | Received a gift from Trog
 52921 | Vaults:4 | Found a crumbling gateway.
 52953 | Desolati | Entered the Desolation of Salt
 53281 | Desolati | Received a gift from Trog
 53300 | Desolati | Identified the ring of Lienidem {+Blink rPois Str+4 Dex-5}
 53301 | Desolati | Identified the ring of Sueh {Fire rN++ Dex-3}
 53342 | Desolati | Identified the +3 falchion of Supply {venom, Dex+4}
 53819 | Desolati | Identified the ring "Suthroz" {rC+ Will+}
 53861 | Desolati | Found the +3 warlock's mirror {omnireflect}
 53868 | Desolati | Identified the +10 broad axe of Vogisitt {drain, rPois}
 54129 | Vaults:4 | Reached skill level 27 in Armour
 54506 | Vaults:4 | Identified the +4 dagger "Dowdy Hell-Harrower" {flame,
                  | Dex+4 Stlth+} (Trog gifted it to you on level 4 of the
                  | Vaults)
 54506 | Vaults:4 | Received a gift from Trog
 54972 | Vaults:4 | Noticed a dread lich
 54972 | Vaults:4 | Noticed an ancient lich
 54983 | Vaults:4 | Killed a dread lich
 54990 | Vaults:4 | Killed an ancient lich
 55516 | Vaults:5 | Entered Level 5 of the Vaults
 55761 | Vaults:4 | Reached XP level 24. HP: 239/249 MP: 9/29
 55974 | Vaults:5 | Reached skill level 15 in Dodging
 55980 | Vaults:5 | Received a gift from Trog
 56313 | Vaults:5 | Identified the +4 war axe "Peijeonu" {heavy, Str+3}
 56448 | Vaults:5 | Noticed a dread lich
 56467 | Vaults:5 | Killed a dread lich
 56682 | Vaults:5 | Received a gift from Trog
 56778 | Vaults:5 | Got a silver rune of Zot
 57272 | Vaults:5 | Identified the +6 crystal plate armour of Idealism {Int+5}
 57798 | Vaults:5 | Noticed an ancient lich
 57813 | Vaults:5 | Killed an ancient lich
 57882 | Vaults:5 | Identified the +0 hat of Beogh, Lusting {Int+5 Slay+2
                  | Stlth-}
 58390 | Crypt:1  | Entered Level 1 of the Crypt
 58475 | Crypt:1  | Found a magical portal.
 58488 | WizLab   | Entered Zonguldrok's Shrine
 58521 | WizLab   | Received a gift from Trog
 58748 | WizLab   | Noticed an antique champion
 58748 | WizLab   | Noticed an antique champion
 58759 | WizLab   | Killed an antique champion
 58761 | WizLab   | Killed an antique champion
 58795 | WizLab   | Identified the +8 chain mail of Waphan {rElec Regen+ Str+6
                  | Dex-4}
 58975 | WizLab   | Reached XP level 25. HP: 255/257 MP: 9/29
 59112 | Crypt:1  | Noticed Mennas
 59134 | Crypt:1  | Noticed Xtahua
 59177 | Crypt:1  | Killed Xtahua
 59227 | Crypt:1  | Killed Mennas
 60128 | Crypt:2  | Found a runed translucent door.
 60128 | Crypt:2  | Noticed Hali's ghost (veteran FoFi)
 60192 | Crypt:2  | Killed Hali's ghost
 60503 | Crypt:2  | Noticed Boris
 60518 | Crypt:2  | Killed Boris
 60629 | Crypt:2  | Identified the +10 trident "Nifipif" {flame, Dex+2} (Trog
                  | gifted it to you on level 2 of the Crypt)
 60629 | Crypt:2  | Received a gift from Trog
 60640 | Crypt:2  | Reached skill level 27 in Shields
 61338 | Crypt:2  | Found an ancient bone altar of Kikubaaqudgha.
 61475 | Crypt:3  | Entered Level 3 of the Crypt
 61676 | Crypt:3  | Reached skill level 10 in Evocations
 61817 | Crypt:3  | Received a gift from Trog
 61926 | Crypt:3  | Found a staircase to the Tomb.
 62382 | Crypt:3  | Found an ancient bone altar of Kikubaaqudgha.
 62568 | Crypt:3  | Received a gift from Trog
 63275 | Zot:1    | Entered Level 1 of the Realm of Zot
 63284 | Zot:1    | Reached XP level 26. HP: 232/266 MP: 9/29
 63310 | Zot:1    | Noticed an orb of fire
 63311 | Zot:1    | Gained mutation: Your spells are a little easier to cast,
                  | but a little less powerful. [an orb of fire]
 63498 | Zot:1    | Killed an orb of fire
 64228 | Zot:1    | Found a transporter.
 64228 | Zot:1    | Found a transporter.
 64229 | Zot:1    | Found a transporter.
 64230 | Zot:1    | Found a transporter.
 64663 | Zot:1    | Reached skill level 15 in Evocations
 65665 | Zot:2    | Noticed Parghit
 65697 | Zot:2    | Killed Parghit
 66240 | Zot:3    | Received a gift from Trog
 66781 | Zot:3    | Identified the +2 shortbow of Fiemuekk {freeze, ^Drain
                  | rElec Int+8 Dex-4}
 66925 | Zot:3    | You fall into a shaft and drop 1 floor!
 67785 | Zot:4    | Identified the +1 scale mail of Honour {Str+3}
 68026 | Zot:5    | Entered Level 5 of the Realm of Zot
 69043 | Zot:5    | Noticed an ancient lich
 69052 | Zot:5    | Killed an ancient lich
 69067 | Zot:5    | Received a gift from Trog
 69237 | Zot:5    | Noticed an orb of fire
 69237 | Zot:5    | Noticed an orb of fire
 69238 | Zot:5    | Gained mutation: You are dopey. (Int -2) [an orb of fire]
 69239 | Zot:5    | Noticed an ancient lich
 69604 | Zot:5    | Killed an orb of fire
 69696 | Zot:5    | Noticed a dread lich
 69705 | Zot:5    | Killed a dread lich
 69718 | Zot:5    | Killed an ancient lich
 70112 | Zot:5    | Noticed an ancient lich
 70130 | Zot:5    | Noticed an orb of fire
 70145 | Zot:4    | Reached XP level 27. HP: 207/273 MP: 9/29
 70149 | Zot:4    | Killed an ancient lich
 70249 | Zot:5    | Noticed a dread lich
 70328 | Zot:4    | Killed a dread lich
 70334 | Zot:4    | Killed an orb of fire
 70622 | Zot:4    | Gained mutation: You are clumsy. (Dex -2) [an orb of fire]
 70624 | Zot:4    | Gained mutation: You occasionally lose the ability to read
                  | scrolls when taking damage. [an orb of fire]
 70632 | Zot:4    | Gained mutation: You sometimes lose your temper in combat.
                  | [an orb of fire]
 70633 | Zot:4    | Killed an orb of fire
 71861 | Zot:5    | Got the Orb of Zot
 71928 | Zot:4    | Received a gift from Trog
 72132 | Depths:3 | Noticed Rikar the pandemonium lord
 72235 | D:14     | Noticed Cunehumil the pandemonium lord
 72523 | D:$      | Escaped with the Orb!

Illustrated notes

Levels and vault maps discovered:
D:1:      doesnt_arrival_eight_statues, layout_basic
D:2:      layout_loops_corners, basic_altar
D:3:      layout_basic, mainiacjoe_overflow_six_doors_small,
          gup_sewer_entry_bowl, grunt_decor_fettered, minmay_misc_feat_cross,
          wad_floor_pattern_untrapped, nicolae_kite_square_tiling_tiny,
          uniq_jessica, uniq_terence
D:4:      layout_cave_pools
D:5:      layout_cave_pools, overflow_temple_1_default, serial_shops, shop,
          nicolae_shop_gaudy_bauble, shop, minmay_pentangle
D:6:      layout_loops_ring, mainiacjoe_overflow_alcove_4,
          gammafunk_ghost_abyssal_escape, nicolae_elemental_shop,
          kennysheep_big_empty_room, st_stairs_7
D:7:      layout_basic, mainiacjoe_overflow_paths, temple_doors_e,
          enter_bailey_5, gammafunk_ghost_stat_death, nicolae_nh_ransacked_shop,
          uniq_maggie
D:8:      cheibrodos_quashed, layout_rooms, minmay_fractal_squares_gapless_5
D:9:      minmay_the_grid_octo_tiled_squarecenter [minmay_the_grid_octo_focus,
          minmay_the_grid_octo_concentric, minmay_the_grid_octo_77,
          minmay_the_grid_octo_fat_diamond,
          minmay_the_grid_square_5x5_megaprize_diamond,
          minmay_the_grid_square_5x5_fat_x,
          minmay_the_grid_square_5x5_tetrominoes,
          minmay_the_grid_square_5x5_lines, minmay_the_grid_square_5x5_c],
          layout_loops_ring, chequers_temple_overflow_statue_of_worship,
          kiku_gazebo_garden_becter, david_lair_generic, serial_shops,
          nicolae_shop_back_alley_shop, uniq_prince_ribbit1
D:10:     layout_long_grid, david_orc_4, grunt_ministairs_3,
          hellmonk_guarded_unrand_seven_league_boots, uniq_gastronok,
          uniq_nergalle, uniq_lodul
D:11:     layout_loops_ring, minmay_dual_archer_statues
D:12:     layout_rooms, serial_shops, kennysheep_little_box,
          nicolae_shop_just_a_little_nook, gammafunk_ghost_wrathful_warriors,
          grunt_decor_resistance, minmay_circle_x
D:13:     layout_loops_ring, david_vaults_2,
          portal_ice_cave_entry_ice_simulacra, serial_library_hellmonk_h_bend
D:14:     layout_cross, serial_shops, shop, chequers_serial_rivers_micro_b
D:15:     gammafunk_enter_depths_forms, layout_loops_ring, serial_shops, shop
Lair:1:   layout_chaotic_city, dreamdust_mushroom_princess,
          chequers_serial_rivers_large_a, infiniplex_staircase_pool_2,
          serial_bayou_shore_a
Lair:2:   layout_loops_ring, guppyfry_snake_entry_island
Lair:3:   minmay_lair_oklob_tunnel, layout_misc_corridors,
          palyth_hydra_swamp_entry, kennysheep_snail_temple,
          serial_bayou_shore_b, uniq_fannar
Lair:4:   layout_cellular_growth, nicolae_slime_entry_slimehenge,
          gammafunk_lair_bear_cave, grunt_megastairs_5
Lair:5:   gammafunk_lair_ancient_temple, layout_regular_city
Swamp:1:  layout_basic_swamp, nicolae_swamp_decorative_isthmus,
          nicolae_swamp_tree_isthmus
Swamp:2:  nzn_winding_woodlands_small [nzn_winding_woodlands_5x15_concentric,
          nzn_winding_woodlands_center_lodge,
          nzn_winding_woodlands_5x15_zeroes], layout_basic_swamp,
          evilmike_swamp_ruin_house_6, swamp_pool_1_2,
          nicolae_swamp_some_circles, infiniplex_staircase_pool
Swamp:3:  layout_basic_swamp, evilmike_swamp_ruin_house_2
Swamp:4:  grunt_swamp_rune_castle, layout_basic_swamp
Snake:1:  layout_grid_shapes, nicolae_letterblocks [nicolae_letter_subblock,
          nicolae_letter_subblock, nicolae_letter_subblock,
          nicolae_letter_subblock, nicolae_letter_subblock,
          nicolae_letter_subblock, nicolae_letter_subblock,
          nicolae_letter_subblock, nicolae_letter_subblock,
          nicolae_letter_subblock, nicolae_letter_subblock,
          nicolae_letter_subblock, nicolae_letter_subblock,
          nicolae_letter_subblock, nicolae_letter_subblock,
          nicolae_letter_subblock, nicolae_letter_subblock,
          nicolae_letter_subblock, nicolae_letter_subblock,
          nicolae_letter_subblock, nicolae_letter_subblock,
          nicolae_letter_subblock, nicolae_letter_subblock,
          nicolae_letter_subblock, nicolae_letter_subblock]
Snake:2:  layout_concentric_octagons, gammafunk_ghost_necromancy,
          lemuel_fruit_tree, minmay_shoptagon
Snake:3:  nicolae_snake_shooting_gallery, layout_chambers, serial_shops, shop,
          nicolae_snake_serpentine_hallways
Snake:4:  johnstein_snake_rune_scales, layout_basic, serial_shops,
          nicolae_shop_just_a_little_nook, uniq_roxanne
Orc:1:    layout_diamond_mine, basic_altar, serial_shops, shop, led_sif_book
Orc:2:    grunt_orc_community_town_hall, layout_caves,
          grunt_orc_community_big_house_1, grunt_orc_community_big_house_1,
          grunt_orc_community_house_3, grunt_orc_community_house_2,
          grunt_orc_community_house_1, grunt_orc_community_house_1,
          grunt_orc_community_house_3, gammafunk_ghost_cemetery, uniq_sonja
Elf:1:    eino_elf_arrival_shootout, layout_gridlike, serial_shops, shop,
          evilmike_minifort, drop_trap, nicolae_take_the_stairs
Elf:2:    nicolae_elf_blades_crystal_corner, layout_loops_ring, basic_altar,
          nicolae_elf_w_pinch, minmay_shop_enchanted_jewellery, uniq_louise,
          uniq_aizul
Elf:3:    minmay_elf_hall_not_hex, layout_onion_city, minmay_strange_pillars
Vaults:1: ontoclasm_vaults_hangar, st_smaller_cells, hangedman_vaults_pinch,
          vaults_dpeg_emergency_exit, nicolae_vaults_stepped_doors, v_misc_2,
          nicolae_vaults_double_plus_1, layout_vaults_chaotic_city,
          serial_shops, nicolae_shop_advertising_works
          [nicolae_subvault_shop_adworks]
Vaults:2: nicolae_vaults_more_shelving_1, nicolae_vaults_shipping_containers_2,
          hangedman_vaults_restitches, grunt_vaults_hallway_short,
          nicolae_vaults_diagonal_hallway_9, nicolae_vaults_three_branches,
          hangedman_vaults_impose, vaults_room_grid, v_rooms_3,
          nicolae_vaults_network_s, nicolae_vaults_diamond_1,
          layout_vaults_maze_bifur
Vaults:3: hangedman_surveillance_ring, minmay_crypt_entry_skeletal_spiral,
          grunt_vaults_trifunnel, vaults_room_grunt_arrival_checkpoint,
          nicolae_vaults_diamond_1, vaults_dpeg_ring, nicolae_vaults_alarming,
          layout_vaults_omnigrid, uniq_mara
Vaults:4: portal_desolation_entry_nicolae_nacl,
          nicolae_vaults_network_periphery, nicolae_vaults_closet_pinwheel_3,
          v_alt_pattern_4, dpeg_vaults_waves, hangedman_vaults_trim,
          nicolae_vaults_sesquioval_fish, nicolae_vaults_network_barrier,
          nicolae_vaults_steering_wheel, v_misc_17, layout_vaults_ring,
          uniq_frederick
Vaults:5
Crypt:1:  layout_gridlike, lightli_enter_wizlab_magi_temple,
          nicolae_crypt_cryptocurrency, grunt_ministairs_4,
          grunt_crypt_arrival_webbed, uniq_xtahua, uniq_margery, uniq_mennas
Crypt:2:  layout_chaotic_city, gammafunk_ghost_grave, basic_altar, uniq_boris
Crypt:3:  church_of_pain_bobbens, layout_chaotic_city,
          nicolae_tomb_entry_unfolded_pyramid_orthogonal,
          nicolae_crypt_ancient_font
Depths:1: layout_basic, grunt_hell_entry_dis_old, minmay_misc_feat_alley,
          nicolae_trove_entry_free_sample, abyss_entry,
          nicolae_rock_paper_scissors, uniq_bai_suzhen, uniq_enchantress
Depths:2: cheibrodos_birdhouse, layout_small_grid, good_gods_temple_1,
          grunt_hell_horde, rand_demon_pan_entry_9, serial_shops, shop_statue,
          infiniplex_staircase_zigzag_1
Depths:3: kennysheep_demon_jail, layout_basic, abyss_entry,
          amcnicky_mini_rare_corridor_liquid, pf_coc_iceberg,
          roderic_lattice_octagonal_star, minmay_staircase_windowed_large,
          grunt_megastairs_3
Depths:4: grunt_zot_entry_bicorn, layout_cave_pools, enter_ziggurat_b,
          ebering_ghost_rock_garden, pan_entry, hellmouth_1, chei_slow_surprise,
          uniq_jory
Zot:1:    layout_cathedral_of_symmetry, nicolae_diode_quadrants
Zot:2:    layout_twisted_circle, uniq_parghit
Zot:3:    kennysheep_spiral_hall, layout_cathedral_of_symmetry,
          regret_index_zotdec_ex
Zot:4:    layout_onion
Zot:5:    layout_misc_corridors, st_stairs_11

Skill      XL: |  1  2  3  4  5  6  7  8  9 10 11 12 13 14 15 16 17 18 19 20 21 22 23 24 25 26 27 |
---------------+----------------------------------------------------------------------------------+-----
Axes           | 4 5 6 8 9 11 13 15 16 18 | 18.0
Fighting       | 4 5 6 8 9 11 15 19 22 25 27 | 27.0
Throwing       | 1 |  1.8
Evocations     | 1 2 4 5 6 7 8 13 19 21 | 21.0
Shields        | 2 5 12 15 21 25 27 | 27.0
Long Blades    | 1 |  1.0
Invocations    | 1 7 10 | 10.4
Armour         | 12 17 22 25 27 | 27.0
Dodging        | 3 6 9 14 15 | 15.4
Short Blades   | |  0.9
Staves         | |  0.8
Ranged Weapons | |  0.6
Unarmed Combat | |  0.8
Shapeshifting  | |  0.3

Action                     |  1- 3 |  4- 6 |  7- 9 | 10-12 | 13-15 | 16-18 | 19-21 | 22-24 | 25-27 || total
---------------------------+-------+-------+-------+-------+-------+-------+-------+-------+-------++-------
  Melee: Hand axe          |    50 |       |       |       |       |       |       |       |       ||    50
         Headbutt          |     7 |     6 |    38 |    92 |   221 |   184 |   298 |   492 |   504 ||  1842
         War axe           |    25 |   101 |   193 |   499 |   639 |       |       |       |       ||  1457
         Punch             |       |     2 |       |       |       |       |       |       |       ||     2
         Flail             |       |       |       |       |    28 |       |       |       |       ||    28
         Broad axe         |       |       |       |       |   391 |   742 |  1284 |  1518 |  1792 ||  5727
         Battleaxe         |       |       |       |       |       |       |     6 |       |       ||     6
  Throw: Dart              |       |     7 |     1 |     1 |     1 |     6 |       |       |       ||    16
         Throwing net      |       |       |       |       |       |       |     1 |       |       ||     1
 Invoke: Trog's Hand       |       |     3 |     2 |     9 |    12 |     4 |    17 |     7 |     3 ||    57
         Berserk           |       |     1 |     2 |     8 |     1 |       |     2 |     1 |     2 ||    17
         Brothers in Arms  |       |       |       |       |     8 |     8 |     8 |     4 |     4 ||    32
  Evoke: Wand              |       |     6 |     6 |    11 |    10 |    23 |    18 |     7 |    21 ||   102
         Box of beasts     |       |       |       |       |       |       |     2 |     1 |       ||     3
         Phial of floods   |       |       |       |       |       |       |     1 |       |       ||     1
    Use: Scroll            |       |       |     6 |     8 |    20 |    13 |    11 |     5 |     9 ||    72
         Potion            |       |       |       |       |     1 |     2 |       |     1 |     6 ||    10
   Stab: Distracted        |       |       |       |       |     1 |     2 |     1 |     2 |       ||     6
         Paralysed         |       |       |       |       |     1 |       |       |       |       ||     1
 Armour: Animal skin       |    39 |    67 |    22 |       |       |       |       |       |       ||   128
         Chain mail        |       |       |    87 |   194 |   639 |       |       |       |       ||   920
         Acid dragon scale |       |       |       |       |    28 |   348 |   353 |       |       ||   729
         Plate armour      |       |       |       |       |       |       |   284 |   579 |       ||   863
         Crystal plate arm |       |       |       |       |       |       |       |    81 |   627 ||   708
  Dodge: Dodged            |    55 |    67 |    52 |    84 |   270 |   272 |   207 |   236 |   225 ||  1468
  Block: Tower shield      |       |       |   149 |   295 |   793 |  1077 |  1554 |  1880 |  2378 ||  8126
         Reflection        |       |       |       |       |       |    82 |    63 |    66 |    17 ||   228
         Other             |       |       |       |       |       |       |     2 |       |       ||     2
